 Dungeon Crawl Stone Soup version 0.31-a0-819-gf6de2f5ab6 (webtiles) character file.

Game seed: 2781356696858629517

195 qw the Shooter (level 5, -2/33 HPs)
             Began as a Gargoyle Hunter on Sept 23, 2023.
             Slain by an orc
             ... wielding a +2 dagger of venom
              (5 damage)
             ... on level 3 of the Dungeon.
             The game lasted 00:00:43 (1509 turns).

qw the Shooter (Gargoyle Hunter)                    Turns: 1509, Time: 00:00:44

Health: -2/33      AC:  7    Str: 15    XL:     5   Next: 74%
Magic:  5/5        EV: 11    Int:  9    God:
Gold:   129        SH:  0    Dex: 15    Spells: 4/4 levels left

rFire   . . .        Y - +0 shortbow
rCold   . . .        (shield currently unavailable)
rNeg    + . .        c - +0 leather armour
rPois   inf          (no helmet)
rElec   +            (no cloak)
rCorr   .            (no gloves)
SInv    .            (no boots)
Will    .....        h - amulet of faith
Stlth   ++           (no ring)
HPRegen 0.25/turn    (no ring)
MPRegen 0.09/turn

%: faith
@: no status effects
A: sickness immunity, AC +4, negative energy resistance 1, electricity
resistance, torment resistance 1, petrification resistance
a: no special abilities


You were on level 3 of the Dungeon.
You visited 1 branch of the dungeon, and saw 3 of its levels.

You collected 129 gold pieces.


Innate Abilities, Weirdness & Mutations

You are immune to sickness and miasma.
Your stone body is resilient. (AC +4)
You are immune to poison.
You resist negative energy. (rN+)
You are resistant to electric shocks. (rElec)
You are resistant to unholy torment.
You are immune to petrification.


   Skills:
 - Level 4.1 Fighting
 + Level 6.0 Ranged Weapons
 - Level 1.5 Dodging
 - Level 1.1 Stealth


You had 4 spell levels left.
You didn't know any spells.
Your spell library was empty.

Inventory:

Hand Weapons
 Y - a +0 shortbow (weapon)
Armour
 c - a +0 leather armour (worn)
Jewellery
 b - a ring of flight
 h - an amulet of faith (around neck)
Scrolls
 a - a scroll of silence {unknown}
 e - 4 scrolls of identify
Potions
 d - a potion of mutation {unknown}
 f - a potion of haste {unknown}
 g - a potion of lignification {unknown}
 i - a potion of curing

Dungeon Overview and Level Annotations

Branches:
Dungeon (3/15)

Altars:
Ru

Shops:
D:1 [


Message History

You shoot an arrow. The orc shouts! x2
The arrow hits the orc!
You kill the orc!
You shoot an arrow. The arrow hits the orc priest!
The orc priest is heavily wounded.
An orc comes into view. It is wielding a +0 short sword.
You shoot an arrow.
The arrow closely misses the orc priest.
The orc shouts!
You shoot an arrow.
The arrow completely misses the orc priest.
You shoot an arrow.
The arrow closely misses the orc priest.
The orc priest barely misses you.
You shoot an arrow. The arrow hits the orc priest.
The orc priest is heavily wounded.
The orc priest mumbles some strange prayers to Beogh against you.
Beogh smites you!
You shoot an arrow. The arrow hits the orc priest.
The orc priest is heavily wounded.
The orc priest barely misses you. The orc closely misses you.
You shoot an arrow. The arrow hits the orc priest.
The orc priest is almost dead.
The orc priest mumbles some strange prayers to Beogh against you.
Beogh smites you! The orc misses you.
You shoot an arrow. The arrow hits the orc priest!
You kill the orc priest!
Your Ranged Weapons skill increases to level 6!
You shoot an arrow. The arrow hits the orc.
The orc is moderately wounded.
The orc hits you but does no damage.
The orc hits you with a +2 dagger of venom.
You shoot an arrow. The arrow hits the orc.
The orc is heavily wounded.
The orc barely misses you. The orc hits you but does no damage.
You shoot an arrow. The arrow closely misses the orc.
The orc hits you but does no damage.
The orc hits you with a +2 dagger of venom.
You die...

#.##.#.#######
###.##.#.#
##...##.#.#
####.........#
.............#
.###..^......#
##...####.#
#####.## #.#
#o@...# .#
#o##### .# #o
#. #) #. #. #.


You could see 3 orcs.

Vanquished Creatures
  A scorpion (D:1)
  An orc priest (D:3)
  An orc wizard (D:2)
  An adder (D:2)
  A dart slug (D:2)
  3 orcs
  6 ball pythons
  6 bats
  7 endoplasms
  5 giant cockroaches
  7 goblins
  5 hobgoblins
  4 jackals (D:1)
  4 frilled lizards
  3 kobolds
  2 rats
57 creatures vanquished.

Notes
Turn   | Place    | Note
-------+----------+-------------------------------------------
     0 | D:1      | qw the Gargoyle Hunter began the quest for the Orb.
     0 | D:1      | Reached XP level 1. HP: 12/12 MP: 1/1
     0 | D:1      | 0 ||| qw: Version: 0.3-a-83-gcd0e7d8
     0 | D:1      | 0 ||| qw: Game counter: 1708
     0 | D:1      | 0 ||| qw: Melee chars always use a shield: true
     0 | D:1      | 0 ||| qw: God list: Okawaru
     0 | D:1      | 0 ||| qw: Allow faded altars: false
     0 | D:1      | 0 ||| qw: Do Orc after clearing Dungeon:15 true
     0 | D:1      | 0 ||| qw: Do second Lair branch before Depths: true
     0 | D:1      | 0 ||| qw: Lair rune preference: random
     0 | D:1      | 0 ||| qw: Goals: Normal
     0 | D:1      | 0 ||| PLANNING D:1-11
    64 | D:1      | 64 ||| Stepping ~*~*~tactically~*~*~ (retreating).
    65 | D:1      | 65 ||| Stepping ~*~*~tactically~*~*~ (retreating).
    71 | D:1      | Reached XP level 2. HP: 5/17 MP: 2/2
    71 | D:1      | HP: 3/17 [kobold/+0 whip (3)]
    77 | D:1      | HP: 3/17 [jackal (1)]
    84 | D:1      | HP: 4/17 [jackal (1)]
   152 | D:1      | Found Hudwomn's Armour Boutique.
   158 | D:1      | 158 ||| SHOPLISTING +0 ring mail (52 gold, have 10).
   158 | D:1      | 158 ||| SHOPLISTING +2 robe of willpower (230 gold, have
                  | 10).
   355 | D:1      | Reached XP level 3. HP: 21/21 MP: 3/3
   362 | D:1      | Reached skill level 5 in Ranged Weapons
   628 | D:1      | 628 ||| READING scroll labelled ITERURH BIOLO.
   629 | D:1      | 629 ||| READING scroll labelled RIXZOLEREA.
   630 | D:1      | 630 ||| DROPPING scroll of butterflies.
   675 | D:2      | Noticed a scorpion
   678 | D:2      | 678 ||| STAIRDANCE
   692 | D:1      | Killed a scorpion
   693 | D:1      | Reached XP level 4. HP: 25/29 MP: 4/4
   725 | D:2      | Reached XP level 5. HP: 33/33 MP: 5/5
  1244 | D:2      | 1244 ||| UPGRADING to amulet of faith.
  1249 | D:2      | 1249 ||| READING scroll labelled WONUANW GAQOCA.
  1270 | D:2      | 1270 ||| READING scroll labelled NOEHOJ QIURIOPN.
  1274 | D:2      | 1274 ||| DRINKING 2 smoky clear potions.
  1354 | D:3      | Found a sacrificial altar of Ru.
  1505 | D:3      | HP: 5/33 [orc priest/divine providence (15)]
  1507 | D:3      | Reached skill level 6 in Ranged Weapons
  1509 | D:3      | Slain by an orc

Levels and vault maps discovered:
D:1:      beargit_arrival_diablo_church, layout_rooms, serial_shops, shop,
          minmay_worlds_worst_comb
D:2:      wander_river, layout_rooms, grunt_decor_arrowhead
D:3:      layout_loops_ring, nicolae_ru_awakened_eye,
          chequers_ecumenical_altar_island, kennysheep_generic_room_12

Skill      XL: |  1  2  3  4  5 |
---------------+----------------+-----
Ranged Weapons | 5 6 |  6.0
Fighting       | 4 |  4.1
Dodging        | |  1.5
Stealth        | |  1.1

Action                     |  1- 3 |  4- 6 || total
---------------------------+-------+-------++-------
   Fire: Shortbow          |    92 |    91 ||   183
    Use: Scroll            |     2 |     2 ||     4
         Potion            |       |     1 ||     1
 Armour: Leather armour    |    32 |    35 ||    67
  Dodge: Dodged            |    48 |    23 ||    71

Table legend:
 A = Non-vault XP
 B = Vault XP
 C = Vault XP percentage of total XP
 D = Non-vault monster count
 E = Vault monster count
 F = Vault count percentage of total count
                 A         B        C        D         E       F
            +---------+---------+-------+---------+---------+-------
      Total |     276 |       3 |   1.1 |      55 |       2 |   3.5
            +---------+---------+-------+---------+---------+-------
        D:1 |     136 |       2 |   1.4 |      27 |       1 |   3.6
        D:2 |      85 |       0 |   0.0 |      21 |       0 |   0.0
        D:3 |      55 |       1 |   1.8 |       7 |       1 |  12.5
            +---------+---------+-------+---------+---------+-------
